AoeStats
← Jesulito123

Black Forest

512004113Analyzed
4v4 RM · 12d ago on Oct 7, 2026· 53m 10s· 8 players
Game mode
Random Map
Map size
Large (8 player)
Population
200
Speed
Normal
Resources
Standard
Victory
Conquest
Starting age
Dark Age
Ending age
Imperial Age
RankedLock teamsTeams togetherTeam positionsShared explorationLock speedFull tech treeHidden civsTurbo modeCheats
Victory
Defeat
🇹🇷 Khmer · Türkiye
1053
+15
🇹🇷 Persians · Türkiye
1020
+17
🇹🇷 Mongols · Türkiye
993
+18
🇹🇷 Romans · Türkiye
962
+19
vs
🇪🇸 Spanish · Spain
1076
-20
🇮🇪 Ethiopians · Ireland
1056
-18
🇸🇰 Varangians · Slovakia
1013
-16
🇩🇪 Persians · Germany
991
-15
q721372930
6:36 Loom
13:09 Feudal Age
15:22 Double-Bit Axe
17:41 Castle Age
15:24 Horse Collar
15:47 Stone Mining
15:53 Gold Mining
19:21 Gold Shaft Mining
18:57 Bow Saw
18:50 Heavy Plow
26:55 Scale Mail Armor
27:38 Forging
29:38 Chain Mail Armor
29:59 Iron Casting
30:54 Fletching
32:18 Wheelbarrow
33:17 Hand Cart
41:36 Imperial Age
40:02 Stone Shaft Mining
40:04 Caravan
41:14 Ballistics
41:40 Onager
42:30 Siege Engineers
42:36 Masonry
43:27 Chemistry
42:50 Conscription
42:33 Heavy Scorpion
44:10 Siege Onager
46:37 Heavy Camel Rider
47:18 Husbandry
46:41 Light Cavalry
47:29 Scale Barding Armor
48:24 Blast Furnace
47:50 Hussar
48:56 Chain Barding Armor
48:41 Torsion Engines
rernk
0:29 Loom
13:34 Feudal Age
14:43 Double-Bit Axe
15:15 Fishing Lines
15:48 Horse Collar
19:06 Castle Age
17:43 Stone Mining
19:23 Wheelbarrow
18:33 Town Watch
18:56 Gold Mining
20:47 Bow Saw
27:22 Imperial Age
25:43 Pikeman
26:23 Squires
26:19 Fletching
29:14 Conscription
29:20 Arson
30:36 Stone Shaft Mining
30:26 Gillnets
30:03 Capped Ram
30:43 Gambesons
31:00 Scale Mail Armor
31:11 Forging
33:13 Heavy Plow
33:40 Gothikon
35:05 Crop Rotation
35:20 Iron Casting
35:00 Chain Mail Armor
36:46 Hand Cart
38:05 Siege Engineers
37:40 Treadmill Crane
39:01 Chemistry
38:18 Masonry
38:09 Murder Holes
38:25 Fortified Wall
39:41 Bodkin Arrow
40:16 Plate Mail Armor
39:09 Onager
39:15 Halberdier
40:19 Caravan
40:13 Elite Varangian Guard
42:01 Two-Man Saw
41:37 Ballistics
41:36 Vendel Legacy
44:00 Blast Furnace
43:01 Bracer
42:57 Elite Jarl
44:33 Padded Archer Armor
44:47 Guilds
44:47 Scale Barding Armor
47:35 Chain Barding Armor
47:31 Leather Archer Armor
49:20 Plate Barding Armor
48:57 Siege Ram
51:03 Ring Archer Armor
50:03 Man-at-Arms
51:36 Long Swordsman
Macholdi
0:33 Loom
12:59 Feudal Age
14:37 Wheelbarrow
13:54 Double-Bit Axe
13:51 Horse Collar
14:04 Gold Mining
16:20 Stone Mining
20:19 Castle Age
21:34 Bow Saw
22:02 Gold Shaft Mining
21:45 Hand Cart
21:34 Heavy Plow
22:42 Stone Shaft Mining
32:39 Imperial Age
30:35 Scale Barding Armor
31:49 Kamandaran
32:38 Elite War Elephant
33:51 Conscription
34:10 Crop Rotation
35:00 Two-Man Saw
35:22 Chemistry
36:40 Thumb Ring
37:00 Ballistics
37:22 Crossbowman
39:03 Fletching
39:14 Padded Archer Armor
39:34 Chain Barding Armor
39:25 Forging
39:55 Bodkin Arrow
41:09 Caravan
41:40 Coinage
Jesulito123
1:04 Loom
11:45 Feudal Age
16:17 Castle Age
14:05 Double-Bit Axe
15:57 Horse Collar
17:07 Bow Saw
18:52 Wheelbarrow
23:04 Hand Cart
23:53 Gold Mining
28:43 Imperial Age
26:05 Fletching
26:24 Town Watch
27:05 Ballistics
26:40 Stone Mining
28:14 Bodkin Arrow
29:33 Thumb Ring
30:01 Bracer
31:04 Chemistry
30:50 Padded Archer Armor
33:22 Conscription
34:41 Two-Man Saw
34:51 Forging
34:42 Scale Mail Armor
36:29 Elite Skirmisher
39:12 Murder Holes
39:27 Masonry
40:51 Heavy Plow
41:41 Stone Shaft Mining
haydari
0:26 Loom
12:35 Feudal Age
17:38 Castle Age
15:47 Double-Bit Axe
15:57 Horse Collar
17:37 Fishing Lines
18:29 Bow Saw
18:25 Heavy Plow
18:19 Gold Mining
19:29 Gillnets
21:26 Wheelbarrow
22:40 Hand Cart
25:10 Stone Mining
27:59 Gold Shaft Mining
30:42 Imperial Age
27:58 Town Watch
29:56 Caravan
30:41 Town Patrol
30:50 Heavy Scorpion
32:34 Chemistry
32:22 Crop Rotation
34:20 Stone Shaft Mining
35:17 Double Crossbow
37:08 Siege Engineers
39:05 Coinage
40:14 Husbandry
40:25 Bloodlines
39:36 Light Cavalry
39:37 Elite Battle Elephant
40:30 Forging
40:26 Scale Barding Armor
41:17 Banking
42:33 Iron Casting
42:19 Chain Barding Armor
44:14 Blast Furnace
42:37 Hussar
43:45 Tusk Swords
44:06 Conscription
☾★Ertugrul☾★
0:46 Loom
11:38 Feudal Age
18:48 Castle Age
16:59 Double-Bit Axe
16:58 Horse Collar
22:06 Gold Mining
31:02 Imperial Age
29:25 Wheelbarrow
32:35 Forging
32:24 Fletching
32:41 Scale Barding Armor
32:37 Padded Archer Armor
33:57 Ballistics
34:37 Chemistry
33:30 Capped Ram
34:07 Bodkin Arrow
34:41 Hand Cart
34:13 Town Watch
35:05 Caravan
35:20 Siege Ram
36:28 Drill
36:40 Town Patrol
39:24 Bow Saw
40:40 Chain Barding Armor
40:21 Bracer
40:36 Leather Archer Armor
41:48 Light Cavalry
42:43 Hussar
43:37 Bloodlines
43:27 Husbandry
44:27 Onager
Sagapuju︻デ 一
0:28 Loom
11:12 Feudal Age
17:09 Castle Age
15:21 Double-Bit Axe
15:19 Horse Collar
15:33 Stone Mining
33:08 Bow Saw
33:00 Heavy Plow
36:56 Imperial Age
35:32 Wheelbarrow
36:19 Forging
36:10 Scale Mail Armor
36:24 Forging
36:19 Scale Barding Armor
37:02 Hand Cart
36:51 Caravan
38:00 Ballistics
38:40 Chemistry
39:36 Heavy Scorpion
41:42 Chain Barding Armor
41:58 Iron Casting
41:34 Siege Engineers
41:59 Gold Mining
43:15 Bloodlines
43:05 Husbandry
43:54 Conscription
43:41 Ballistas
44:01 Conscription
44:33 Light Cavalry
47:10 Blast Furnace
46:10 Scale Mail Armor
46:47 Plate Barding Armor
Elbaron
0:26 Loom
13:06 Feudal Age
17:33 Castle Age
15:30 Double-Bit Axe
16:10 Horse Collar
24:43 Heavy Plow
25:39 Bow Saw
32:45 Imperial Age
31:36 Padded Archer Armor
31:26 Fletching
31:52 Gold Mining
32:32 Kamandaran
33:37 Thumb Ring
32:53 Elite Skirmisher
32:58 Crossbowman
33:40 Bodkin Arrow
37:52 Wheelbarrow
38:46 Leather Archer Armor
39:03 Ballistics
39:47 Chemistry
47:50 Ring Archer Armor
49:01 Scale Barding Armor
49:06 Forging
48:20 Elite War Elephant
49:20 Conscription
50:30 Hand Cart
52:10 Chain Barding Armor
51:56 Husbandry
Connection lost

Rejoining the realm…

Still unreachable

The connection could not be restored.

Session expired

The server has moved on; the page needs a fresh start.